 Dungeon Crawl Stone Soup version 0.21-a0-632-g1e37ce5 (webtiles) character file.

23 wvc the Covered (level 2, -2/23 HPs)
             Began as a Barachi Wanderer on Dec 27, 2017.
             Slain by Natasha (3 damage)
             ... on level 2 of the Dungeon.
             The game lasted 00:01:40 (1085 turns).

wvc the Covered (Barachi Wanderer)                  Turns: 1085, Time: 00:01:41

Health: -2/23      AC:  3    Str: 14    XL:     2   Next: 95%
Magic:  3/3        EV: 12    Int: 12    God:
Gold:   16         SH:  0    Dex: 10    Spells: 3/3 levels left

rFire    . . .     SeeInvis .   a - +2 mace
rCold    . . .     Gourm    .   (no shield)
rNeg     . . .     Faith    .   c - +0 robe
rPois    .         Spirit   .   j - +0 helmet
rElec    .         Reflect  .   (no cloak)
rCorr    .         Harm     .   (no gloves)
MR       .....                  (no boots)
Stlth    +.........             (no amulet)
HPRegen  0.07/turn              (no ring)
MPRegen  0.08/turn              (no ring)

@: slow
A: +LOS, swims, slowness 1, strong legs 1
a: Hop


You were on level 2 of the Dungeon.
You were not hungry.

You visited 1 branch of the dungeon, and saw 2 of its levels.

You collected 16 gold pieces.

Inventory:

Hand Weapons
 a - a +2 mace (weapon)
 i - a +0 spear
Armour
 c - a +0 robe (worn)
 j - a +0 helmet (worn)
Scrolls
 f - 4 scrolls of fog {unknown}
 h - a scroll of random uselessness {unknown}
 k - a scroll of amnesia {unknown}
 l - a scroll of immolation {unknown}
 o - a scroll of magic mapping {unknown}
Potions
 b - 2 potions of lignification
 e - a potion of haste {unknown}
 g - a potion of agility {unknown}
 n - a potion of curing {unknown}
Comestibles
 d - 2 rations


   Skills:
 + Level 2.5 Fighting
 - Level 1.1 Maces & Flails
 - Level 3.6 Armour
 + Level 1.7 Dodging
   Level 1.1 Shields
 - Level 1.1 Spellcasting
   Level 2.1 Hexes
   Level 1.1 Evocations


You had 3 spell levels left.
You didn't know any spells.

Dungeon Overview and Level Annotations

Branches:
Dungeon (2/15)

Altars:

Annotations:
D:2 Natasha


Innate Abilities, Weirdness & Mutations

Shadows flee at your approach. (+LOS)
You can swim through water.
You cover ground slowly.
You can hop short distances.


Message History

Natasha casts a spell at you. You resist with significant effort.
Natasha zaps a wand.
The puff of flame hits you!
It is a wand of flame (33).
Natasha zaps a wand.
The puff of flame hits you!
Natasha zaps a wand.
The puff of flame hits you!
* * * LOW HITPOINT WARNING * * *
Natasha barely misses you.
You hit Natasha.
Natasha is moderately wounded.
Natasha barely misses you.
You hit Natasha.
Natasha is heavily wounded.
Natasha casts a spell at you. You resist with significant effort.
You closely miss Natasha.
Natasha is heavily wounded.
Natasha zaps a wand.
The puff of flame hits you!
* * * LOW HITPOINT WARNING * * *
Natasha claws you.
You die...

... #.# #.#
#.# #.#
#####.#####
#<........#
#.###.###.##
#.##...@h..#
#.##.......#
#.##.###...#
#.##.#
......
#.##.#
#..####
#..... ..#
####.. ..#
### ###


You could see Natasha.

Vanquished Creatures
  A dart slug (D:1)
  3 goblins (D:1)
  3 hobgoblins (D:1)
  3 jackals (D:1)
  4 bats (D:1)
  2 frilled lizards (D:1)
  3 kobolds (D:1)
19 creatures vanquished.

Notes
Turn   | Place    | Note
-------+----------+-------------------------------------------
     0 | D:1      | wvc the Barachi Wanderer began the quest for the Orb.
     0 | D:1      | wvc set off with: a +2 mace, 2 potions of lignification, a +0 robe, a ration
     0 | D:1      | Reached XP level 1. HP: 15/15 MP: 2/2
    57 | D:1      | Reached XP level 2. HP: 2/22 MP: 3/3
    57 | D:1      | HP: 1/22 [bat (1)]
    62 | D:1      | Reached skill level 1 in Dodging
  1078 | D:2      | Noticed Natasha
  1085 | D:2      | HP: 1/23 [Natasha/wand of flame (31) (5)]
  1085 | D:2      | Slain by Natasha

Vault maps used:
D:1:      lightli_iron_boxes, hex_medium, minmay_misc_feat_cross,
          nrook_loot_triangle, minivault_19
D:2:      lemuel_coloured_pillars_altar, first_ration, uniq_robin, uniq_natasha

Skill      XL: |  1  2 |
---------------+-------+-----
Fighting       | 2 |  2.5
Dodging        | 1 |  1.7
Maces & Flails | |  1.1
Armour         | |  3.6
Shields        | |  1.1
Spellcasting   | |  1.1
Hexes          | |  2.1
Evocations     | |  1.1

Action                   || total
-------------------------++-------
Melee: Mace              ||    63
  Eat: Chunk             ||     1
Armor: Robe              ||    16
Dodge: Dodged            ||    58

Table legend:
 A = Spawn XP
 B = Non-spawn XP
 C = Spawn XP percentage of total XP
 D = Spawn monster count
 E = Non-spawn monster count
 F = Spawn count percentage of total count
 G = Total turns spent on level
                    A         B        C        D         E        F      G
               +---------+---------+-------+---------+---------+-------+---------
         Total |       0 |      33 |   0.0 |       0 |      19 |   0.0 |  1085
               +---------+---------+-------+---------+---------+-------+---------
           D:1 |       0 |      33 |   0.0 |       0 |      19 |   0.0 |  1072
               +---------+---------+-------+---------+---------+-------+---------
